 Dungeon Crawl Stone Soup version 0.18.1-48-g4cf74bf (webtiles) character file.

63 zultag the Stinger (level 4, -1/24 HPs)
             Began as a Tengu Venom Mage on Sept 4, 2016.
             Slain by a hobgoblin
             ... wielding a +0 club
             ... led by Robin
              (6 damage)
             ... on level 2 of the Dungeon.
             The game lasted 00:21:08 (1939 turns).

zultag the Stinger (Tengu Venom Mage)               Turns: 1939, Time: 00:21:09

Health: -1/24      AC:  7    Str:  8    XL:     4   Next: 10%
Magic:  8/8        EV: 13    Int: 16    God:
Gold:   32         SH:  0    Dex: 15    Spells: 2 memorised, 4 levels left

rFire  . . .     SeeInvis .     h - +2 dagger (protect)
rCold  . . .     Gourm    .     a - +0 robe
rNeg   . . .     Faith    .     (no shield)
rPois  .         Spirit   .     (helmet restricted)
rElec  .         Dismiss  .     (no cloak)
rCorr  .         Reflect  .     (no gloves)
SustAt .         Harm     .     (boots unavailable)
MR     .....                    (no amulet)
Stlth  ++........               (no ring)
                                (no ring)

@: not resistant to hostile enchantments, unstealthy
A: beak, talons 3
a: no special abilities


You were on level 2 of the Dungeon.
You were not hungry.

You visited 1 branch of the dungeon, and saw 2 of its levels.

You collected 32 gold pieces.

Inventory:

Hand Weapons
 c - a +0 whip
 e - a +0 club
 h - a +2 dagger of protection (weapon)
 i - a +0 short sword
Missiles
 d - 104 stones (quivered)
Armour
 a - a +0 robe (worn)
 k - a +0 leather armour
 l - a +0 animal skin
 m - a +1 helmet
Scrolls
 f - a scroll of identify
 g - a scroll of remove curse
Potions
 j - a potion of curing {unknown}
Books
 b - a Young Poisoner's Handbook

   Spells                             Type                      Level
   a - Sting                          Conjuration/Poison           1
   b - Cure Poison                    Poison                       2
   c - Mephitic Cloud                 Conjuration/Poison/Air       3
   d - Olgreb's Toxic Radiance        Poison                       4
   e - Venom Bolt                     Conjuration/Poison           5


   Skills:
 + Level 0.6 Fighting
 + Level 0.2 Maces & Flails
 + Level 2.9 Dodging
 + Level 2.1 Stealth
 + Level 2.5 Spellcasting
 + Level 1.0 Conjurations
 + Level 4.6 Poison Magic


You had 4 spell levels left.
You knew the following spells:

 Your Spells              Type           Power        Failure   Level  Hunger
a - Sting                 Conj/Pois      ##..         10%         1    #......
b - Mephitic Cloud        Conj/Pois/Air  #.......     34%         3    ###....


Dungeon Overview and Level Annotations

Branches:
Dungeon (2/15)

Altars:


Innate Abilities, Weirdness & Mutations

You have a beak for a mouth.
You have claws for feet.


Message History

a dagger; a goblin corpse You closely miss the hobgoblin.
Your peck misses the hobgoblin.
The hobgoblin is moderately wounded.
The hobgoblin hits you but does no damage.
Your magical contamination has completely faded away.
Things that are here:
a dagger; a goblin corpse The hobgoblin closely misses you.
You barely miss the hobgoblin. You peck the hobgoblin.
The hobgoblin is severely wounded.
The hobgoblin hits you with a club.
* * * LOW HITPOINT WARNING * * *
You closely miss the hobgoblin.
You peck the hobgoblin, but do no damage.
The hobgoblin is severely wounded.
The hobgoblin completely misses you.
You completely miss the hobgoblin.
The hobgoblin is severely wounded.
The hobgoblin hits you with a club.
You die...

#.......'........
##.#.####........
#...# ##.......
##)## ##.....#
#)# ##...## #)#
##+## #.#
#####.####
#.@gg....#
#.###.##.# #.#
#.##.### .. #.#
#.##...###..gg
#.#
#...g#.)...>..
#)#
####...#####.g
#.######.###
#...g....#
##########


You could see 2 hobgoblins.

Vanquished Creatures
  Robin (D:2)
  A giant gecko (D:1)
  3 giant cockroaches (D:1)
  13 goblins
  A hobgoblin (D:2)
  12 jackals
  6 kobolds
  2 bats (D:1)
  2 giant newts (D:1)
  2 rats
43 creatures vanquished.

Notes
Turn   | Place    | Note
--------------------------------------------------------------
     0 | D:1      | zultag the Tengu Venom Mage began the quest for the Orb.
     0 | D:1      | Reached XP level 1. HP: 10/10 MP: 4/4
   211 | D:1      | Reached XP level 2. HP: 15/15 MP: 1/6
   963 | D:1      | Reached XP level 3. HP: 7/19 MP: 4/7
  1546 | D:2      | Learned a level 3 spell: Mephitic Cloud
  1804 | D:2      | Noticed Robin
  1815 | D:2      | Killed Robin
  1815 | D:2      | Reached XP level 4. HP: 15/24 MP: 1/8
  1827 | D:2      | Reached skill level 1 in Conjurations
  1880 | D:2      | HP: 1/24 [hobgoblin/club[Robin] (6)]
  1939 | D:2      | Slain by a hobgoblin

Skill      XL: |  1  2  3  4 |
---------------+-------------+-----
Conjurations   | 1 |  1.0
Fighting       | |  0.6
Maces & Flails | |  0.2
Dodging        | |  2.9
Stealth        | |  2.1
Spellcasting   | |  2.5
Poison Magic   | |  4.6

Action                   |  1- 3 |  4- 6 || total
-------------------------+-------+-------++-------
Melee: Club              |    33 |       ||    33
       Kick              |     9 |     4 ||    13
       Peck              |     3 |     3 ||     6
       Whip              |    31 |    13 ||    44
       Dagger            |       |     6 ||     6
Throw: Stone             |     5 |       ||     5
 Cast: Sting             |    53 |     2 ||    55
       Mephitic Cloud    |     3 |       ||     3
  Use: Scroll            |     1 |     2 ||     3
       Potion            |       |     1 ||     1
  Eat: Bread ration      |     1 |       ||     1
Armor: Robe              |    13 |     2 ||    15
Dodge: Dodged            |    62 |    12 ||    74
